BR (22 & UNDER)
INDIAN HILLS VOODOO @ ALABAMA SHAKES
09/07/2029
 
TOP OF THE 1ST
Indian Hills Voodoo batting - Pitching for Alabama Shakes : RHP Xavier Feliciano
Pitching: RHP Xavier Feliciano
Batting: SHB Cisco Oliva 0-0: Ball
1-0: Called Strike
1-1: Foul Ball, location: 2F
1-2: Fly out, F8 (Flyball, 8LM)
Batting: RHB Jon Bush 0-0: Called Strike
0-1: Ball
1-1: SINGLE (Line Drive, 7S)
Batting: RHB César Heredia 0-0: Ball
1-0: Called Strike
1-1: Called Strike
Jon Bush is caught stealing 2nd base
1-2: Foul Ball, location: 2F
1-2: Ball
2-2: Ball
3-2: Base on Balls
Batting: RHB José Núñez 0-0: Fly out, F7 (Line Drive, 7D)
Top of the 1st over - 0 runs, 1 hit, 0 errors, 1 left on base; Indian Hills 0 - Alabama 0
BOTTOM OF THE 1ST
Alabama Shakes batting - Pitching for Indian Hills Voodoo : RHP Octávio Durán
Pitching: RHP Octávio Durán
Batting: RHB Mario Rodríguez 0-0: Ball
1-0: Ball
2-0: Foul Ball, location: 2F
2-1: Foul Ball, location: 2F
2-2: Fly out, F8 (Flyball, 8LD)
Batting: RHB Zhong-xian Pai 0-0: Ball
1-0: Ball
2-0: Called Strike
2-1: SOLO HOME RUN (Flyball, 7LD), Distance : 333 ft
Batting: RHB Joe Farrell 0-0: Ball
1-0: Ball
2-0: Called Strike
2-1: Swinging Strike
2-2: Strikes out swinging
Batting: RHB Greg Nichols 0-0: Called Strike
0-1: Ball
1-1: Foul Ball, location: 2F
1-2: Strikes out swinging
Bottom of the 1st over - 1 run, 1 hit, 0 errors, 0 left on base; Indian Hills 0 - Alabama 1
TOP OF THE 2ND
Indian Hills Voodoo batting - Pitching for Alabama Shakes : RHP Xavier Feliciano
Batting: RHB Dave McGuire 0-0: Ball
1-0: Ground out U3 (Groundball, 34)
Batting: RHB Greg Williams 0-0: Swinging Strike
0-1: Ball
1-1: Swinging Strike
1-2: Foul Ball, location: 2F
1-2: Strikes out looking
Batting: LHB Dave Wilkinson 0-0: Ball
1-0: Ball
2-0: Fly out, F7 (Flyball, 78S)
Top of the 2nd over - 0 runs, 0 hits, 0 errors, 0 left on base; Indian Hills 0 - Alabama 1
BOTTOM OF THE 2ND
Alabama Shakes batting - Pitching for Indian Hills Voodoo : RHP Octávio Durán
Batting: RHB Cristóbal Calderón 0-0: Ball
1-0: Ball
2-0: Called Strike
2-1: Fly out, F7 (Line Drive, 7)
Batting: RHB Bruce Foley 0-0: Ground out 6-3 (Groundball, 6M)
Batting: RHB Matt Bascombe 0-0: Called Strike
0-1: SOLO HOME RUN (Line Drive, 7LD), Distance : 353 ft
Batting: RHB Ben Martínez 0-0: Called Strike
0-1: Called Strike
0-2: Ball
1-2: Ball
2-2: Strikes out swinging
Bottom of the 2nd over - 1 run, 1 hit, 0 errors, 0 left on base; Indian Hills 0 - Alabama 2
TOP OF THE 3RD
Indian Hills Voodoo batting - Pitching for Alabama Shakes : RHP Xavier Feliciano
Batting: LHB José Castillo 0-0: Fly out, F9 (Flyball, 89M)
Batting: RHB Norman Hopkins 0-0: Called Strike
0-1: Swinging Strike
0-2: Foul Ball, location: 2F
0-2: Ball
1-2: Ball
2-2: Foul Ball, location: 2F
2-2: Strikes out swinging
Batting: SHB Cisco Oliva 0-0: Foul Ball, location: 2F
0-1: SINGLE (Groundball, 34D)
Batting: RHB Jon Bush 0-0: Ball
1-0: Ball
2-0: Called Strike
Cisco Oliva steals 2nd base
2-1: Foul Ball, location: 2F
2-2: Foul Ball, location: 2F
2-2: Fly out, F9 (Flyball, 9LM)
Top of the 3rd over - 0 runs, 1 hit, 0 errors, 1 left on base; Indian Hills 0 - Alabama 2
BOTTOM OF THE 3RD
Alabama Shakes batting - Pitching for Indian Hills Voodoo : RHP Octávio Durán
Batting: LHB Carlos Contreras 0-0: Foul Ball, location: 2F
0-1: Ball
1-1: Ball
2-1: Ball
3-1: Foul Ball, location: 2F
3-2: Base on Balls
Batting: RHB Mario Rodríguez 0-0: Called Strike
0-1: Ball
1-1: Ball
2-1: SINGLE (Line Drive, 8LS)
Carlos Contreras to second
Batting: RHB Zhong-xian Pai 0-0: Ball
1-0: Ball
2-0: Swinging Strike
2-1: Swinging Strike
2-2: Strikes out looking
Batting: RHB Joe Farrell 0-0: Ball
1-0: Foul Ball, location: 2F
1-1: Called Strike
1-2: Ball
2-2: Strikes out swinging
Batting: RHB Greg Nichols 0-0: Ground out 4-3 (Groundball, 4)
Bottom of the 3rd over - 0 runs, 1 hit, 0 errors, 2 left on base; Indian Hills 0 - Alabama 2
TOP OF THE 4TH
Indian Hills Voodoo batting - Pitching for Alabama Shakes : RHP Xavier Feliciano
Batting: RHB César Heredia 0-0: Called Strike
0-1: Swinging Strike
0-2: Strikes out looking
Batting: RHB José Núñez 0-0: Called Strike
0-1: Foul Ball, location: 2F
0-2: Ball
1-2: Ball
2-2: Ball
3-2: Ground out 5-3 (Groundball, 56)
Batting: RHB Dave McGuire 0-0: Ball
1-0: Ball
2-0: Fly out, F4 (Popup, 4)
Top of the 4th over - 0 runs, 0 hits, 0 errors, 0 left on base; Indian Hills 0 - Alabama 2
BOTTOM OF THE 4TH
Alabama Shakes batting - Pitching for Indian Hills Voodoo : RHP Octávio Durán
Batting: RHB Cristóbal Calderón 0-0: Ground out 4-3 (Groundball, 4)
Batting: RHB Bruce Foley 0-0: Swinging Strike
0-1: Swinging Strike
0-2: Strikes out swinging
Batting: RHB Matt Bascombe 0-0: Foul Ball, location: 2F
0-1: Called Strike
0-2: Ball
1-2: Ball
2-2: Fly out, F8 (Flyball, 8RS)
Bottom of the 4th over - 0 runs, 0 hits, 0 errors, 0 left on base; Indian Hills 0 - Alabama 2
TOP OF THE 5TH
Indian Hills Voodoo batting - Pitching for Alabama Shakes : RHP Xavier Feliciano
Batting: RHB Greg Williams 0-0: Ball
1-0: Ball
2-0: Foul Ball, location: 2F
2-1: Foul Ball, location: 2F
2-2: Ball
3-2: Ground out 6-3 (Groundball, 6)
Batting: LHB Dave Wilkinson 0-0: SINGLE (Groundball, 34S) (infield hit)
Batting: LHB José Castillo 0-0: Ball
Dave Wilkinson is caught stealing 2nd base
1-0: Ground out 4-3 (Groundball, 4S)
Top of the 5th over - 0 runs, 1 hit, 0 errors, 0 left on base; Indian Hills 0 - Alabama 2
BOTTOM OF THE 5TH
Alabama Shakes batting - Pitching for Indian Hills Voodoo : RHP Octávio Durán
Batting: RHB Ben Martínez 0-0: Called Strike
0-1: Ball
1-1: Ball
2-1: SINGLE (Flyball, 9LS)
Pitching: RHP Roger Fuller
Batting: LHB Carlos Contreras 0-0: Ball
1-0: Fly out, F7 (Flyball, 7S)
Batting: RHB Mario Rodríguez 0-0: Foul Ball, location: 2F
0-1: Swinging Strike
0-2: Ball
1-2: Foul Ball, location: 2F
1-2: Ball
2-2: Foul Ball, location: 2F
2-2: Foul Ball, location: 2F
2-2: Foul Ball, location: 2F
2-2: Foul Ball, location: 2F
2-2: Foul Ball, location: 2F
2-2: Foul Ball, location: 2F
2-2: Ball
3-2: Base on Balls
Ben Martínez to second
Batting: RHB Zhong-xian Pai 0-0: Swinging Strike
0-1: Swinging Strike
0-2: Ball
1-2: Strikes out swinging
Batting: RHB Joe Farrell 0-0: Foul Ball, location: 2F
0-1: Ball
1-1: Foul Ball, location: 2F
1-2: Ball
2-2: Foul Ball, location: 2F
2-2: Ball
3-2: Base on Balls
Ben Martínez to third
Mario Rodríguez to second
Batting: RHB Greg Nichols 0-0: Ball
1-0: SINGLE (Groundball, 4MD)
Ben Martínez scores
Mario Rodríguez to third
Joe Farrell to second
Runner from 3rd tries for Home, SAFE, no throw
Batting: RHB Cristóbal Calderón 0-0: Fly out, F8 (Flyball, 78M)
Bottom of the 5th over - 2 runs, 2 hits, 0 errors, 2 left on base; Indian Hills 0 - Alabama 4
TOP OF THE 6TH
Indian Hills Voodoo batting - Pitching for Alabama Shakes : RHP Xavier Feliciano
Batting: RHB Norman Hopkins 0-0: Ball
1-0: Reached on error, E5 (Groundball, 56)
Batting: SHB Cisco Oliva 0-0: Called Strike
0-1: Ball
1-1: Ball
2-1: Ball
3-1: Ground out 1-3 (Groundball, P)
Norman Hopkins to third
Batting: RHB Jon Bush 0-0: Ball
1-0: Ball
2-0: Foul Ball, location: 2F
2-1: Ball
3-1: Foul Ball, location: 2F
3-2: Ground out 4-3 (Groundball, 4)
Norman Hopkins scores
Batting: RHB César Heredia 0-0: Ball
1-0: Fly out, F9 (Flyball, 89M)
Top of the 6th over - 1 run, 0 hits, 1 error, 0 left on base; Indian Hills 1 - Alabama 4
BOTTOM OF THE 6TH
Alabama Shakes batting - Pitching for Indian Hills Voodoo : RHP Roger Fuller
Batting: RHB Bruce Foley 0-0: Called Strike
0-1: Ball
1-1: Foul Ball, location: 2F
1-2: Fly out, F4 (Popup, 4)
Batting: RHB Matt Bascombe 0-0: Foul Ball, location: 2F
0-1: Ball
1-1: Ball
2-1: Swinging Strike
2-2: SINGLE (Flyball, 9LS)
Batting: RHB Ben Martínez 0-0: DOUBLE (Groundball, 3L)
Matt Bascombe to third
Batting: LHB Carlos Contreras 0-0: Called Strike
0-1: SINGLE (Line Drive, 89M)
Matt Bascombe scores
Ben Martínez to third
Batting: RHB Mario Rodríguez 0-0: Swinging Strike
0-1: Ball
1-1: Foul Ball, location: 2F
1-2: Ball
2-2: Foul Ball, location: 2F
2-2: Ball
3-2: Fielders Choice at 2nd, 1-6 (Groundball, 13)
Batting: RHB Zhong-xian Pai 0-0: Called Strike
0-1: SINGLE (Groundball, 4MD)
Ben Martínez scores
Mario Rodríguez to second
Runner from 2nd tries for 3rd, SAFE, no throw
Batting: RHB Joe Farrell 0-0: Foul Ball, location: 2F
0-1: Foul Ball, location: 2F
0-2: Ball
1-2: Ball
2-2: Ball
3-2: Base on Balls
Zhong-xian Pai to second
Batting: RHB Greg Nichols 0-0: GRAND SLAM HOME RUN (Line Drive, 7D), Distance : 372 ft
Batting: RHB Cristóbal Calderón 0-0: Foul Ball, location: 2F
0-1: Called Strike
0-2: Ball
1-2: Foul Ball, location: 2F
1-2: Strikes out looking
Bottom of the 6th over - 6 runs, 5 hits, 0 errors, 0 left on base; Indian Hills 1 - Alabama 10
TOP OF THE 7TH
Indian Hills Voodoo batting - Pitching for Alabama Shakes : RHP Xavier Feliciano
Batting: RHB José Núñez 0-0: Fly out, F5 (Popup, 5SF)
Batting: RHB Dave McGuire 0-0: Foul Ball, location: 2F
0-1: Fly out, F7 (Flyball, 78S)
Batting: RHB Greg Williams 0-0: Called Strike
0-1: Ball
1-1: Ball
2-1: SINGLE (Line Drive, 6MD)
Batting: LHB Dave Wilkinson 0-0: Fly out, F9 (Flyball, 9D)
Top of the 7th over - 0 runs, 1 hit, 0 errors, 1 left on base; Indian Hills 1 - Alabama 10
BOTTOM OF THE 7TH
Alabama Shakes batting - Pitching for Indian Hills Voodoo : RHP Roger Fuller
Batting: RHB Bruce Foley 0-0: Called Strike
0-1: Ball
1-1: Ball
2-1: Called Strike
2-2: Ground out 5-3 (Groundball, 56)
Batting: RHB Matt Bascombe 0-0: Ground out 5-3 (Groundball, 56S)
Batting: RHB Ben Martínez 0-0: Called Strike
0-1: Ground out U3 (Groundball, 3)
Bottom of the 7th over - 0 runs, 0 hits, 0 errors, 0 left on base; Indian Hills 1 - Alabama 10
TOP OF THE 8TH
Indian Hills Voodoo batting - Pitching for Alabama Shakes : RHP Xavier Feliciano
Now at C: Chris Barker
Batting: LHB José Castillo 0-0: Ball
1-0: Ground out 5-3 (Groundball, 5)
Batting: RHB Norman Hopkins 0-0: Called Strike
0-1: Called Strike
0-2: Ball
1-2: Ball
2-2: Ball
3-2: Foul Ball, location: 2F
3-2: Foul Ball, location: 2F
3-2: Fly out, F4 (Line Drive, 4)
Batting: SHB Cisco Oliva 0-0: Ball
1-0: Ball
2-0: Called Strike
2-1: Ground out U3 (Groundball, 3)
Top of the 8th over - 0 runs, 0 hits, 0 errors, 0 left on base; Indian Hills 1 - Alabama 10
BOTTOM OF THE 8TH
Alabama Shakes batting - Pitching for Indian Hills Voodoo : RHP Roger Fuller
Pitching: RHP Nate Stephens
Batting: LHB Carlos Contreras 0-0: Swinging Strike
0-1: Called Strike
0-2: Hit by Pitch
Pinch Runner at 1st Edgardo Molina:
Batting: RHB Mario Rodríguez 0-0: Foul Ball, location: 2F
0-1: TRIPLE (Line Drive, 9D)
Edgardo Molina scores
Batting: RHB Zhong-xian Pai 0-0: Ground out 6-3 (Groundball, 6)
Mario Rodríguez scores
Pinch Hitting: LHB Jonathan Martin 0-0: Foul Ball, location: 2F
0-1: Ball
1-1: Called Strike
1-2: Strikes out swinging, 2-3 out at first.
Batting: RHB Greg Nichols 0-0: Called Strike
0-1: Called Strike
0-2: Strikes out swinging
Bottom of the 8th over - 2 runs, 1 hit, 0 errors, 0 left on base; Indian Hills 1 - Alabama 12
TOP OF THE 9TH
Indian Hills Voodoo batting - Pitching for Alabama Shakes : RHP Xavier Feliciano
Now at SS: Bruce Adams
Now in RF: Edgardo Molina
Batting: RHB Jon Bush 0-0: Fly out, F7 (Flyball, 78S)
Batting: RHB César Heredia 0-0: Ball
1-0: Swinging Strike
1-1: Ball
2-1: Swinging Strike
2-2: Ball
3-2: Reached on error, E2 (Groundball, 15S)
Batting: RHB José Núñez 0-0: Ball
1-0: Called Strike
1-1: Fly out, F7 (Line Drive, 7S)
Batting: RHB Dave McGuire 0-0: Ball
1-0: Called Strike
1-1: Called Strike
1-2: Ground out U3 (Groundball, 3S)
Top of the 9th over - 0 runs, 0 hits, 1 error, 1 left on base; Indian Hills 1 - Alabama 12
Saturday, December 16th, 2017 - OOTP Baseball 18.8 Build 76